 Dungeon Sprint DCSS version 0.20-a0-1124-g2e29d97 (webtiles) character file.

20409 poirepourri the Peltast (level 12, -16/126 HPs)
             Began as a Minotaur Fighter on May 16, 2017.
             Was the Champion of Makhleb.
             Killed from afar by a storm dragon (44 damage)
             ... with a bolt of lightning
             ... in the Dungeon (Sprint VII: "The Pits").
             The game lasted 00:05:47 (2774 turns).

poirepourri the Peltast (Minotaur Fighter)          Turns: 2774, Time: 00:05:48

Health: -16/126    AC: 25    Str: 23    XL:     12   Next: 45%
Magic:  17/17      EV: 12    Int:  5    God:    Makhleb [******]
Gold:   33         SH: 17    Dex: 18    Spells: 11/11 levels left

rFire    . . .     SeeInvis .   w - +4 war axe (chop)
rCold    . . .     Gourm    .   c - +0 shield
rNeg     . . .     Faith    .   v - +3 plate armour
rPois    .         Spirit   .   (helmet restricted)
rElec    .         Reflect  .   u - +1 cloak
rCorr    .         Harm     .   (no gloves)
MR       .....     NoTele   +   t - +1 pair of boots
Stlth    ..........             (no amulet)
Regen    0.4/turn               s - +3 ring of protection
MPRegen  0.2/turn               d - +3 ring of dexterity

@: very slightly contaminated
A: retaliatory headbutt, horns 2, strong 1
a: Minor Destruction, Lesser Servant of Makhleb, Major Destruction, Greater
Servant of Makhleb, Renounce Religion


You were in the Dungeon.
You worshipped Makhleb.
Makhleb was exalted by your worship.
You were not hungry.

You visited 1 branch You collected 33 gold pieces.

Inventory:

Hand Weapons
 a - a +0 war axe
 w - a +4 war axe of chopping (weapon)
Armour
 c - a +0 shield (worn)
 t - a +1 pair of boots (worn)
 u - a +1 cloak (worn)
 v - a +3 plate armour (worn)
Jewellery
 d - a +3 ring of dexterity (right hand)
 s - a +3 ring of protection (left hand)
 F - an uncursed ring of positive energy
 G - an uncursed ring of protection from fire
Wands
 b - a wand of digging (8/24)
 E - a wand of scattershot (3/9)
Scrolls
 k - a scroll of blinking
 m - 4 scrolls of remove curse
 n - 5 scrolls of amnesia
 r - a scroll of recharging
 y - 2 scrolls of fog
 B - 2 scrolls of identify
Potions
 e - 11 potions of curing
 g - a potion of heal wounds
 h - 3 potions of haste
 i - 4 potions of magic
 j - 5 potions of berserk rage
 l - 2 potions of invisibility
 x - 4 potions of brilliance
 A - 2 potions of agility
 D - 2 potions of might
Comestibles
 f - 8 bread rations
 p - 39 fruits
 q - 7 meat rations


   Skills:
 + Level 17.6 Fighting
 + Level 19.2 Axes
 + Level 10.2 Armour
 + Level 9.2 Dodging
 + Level 20.6 Shields
 + Level 8.5 Invocations


You had 11 spell levels left.
You didn't know any spells.

Dungeon Overview and Level Annotations

Branches:
Dungeon (1/1)

Altars:
Ashenzari
Cheibriados
Dithmenos
Elyvilon
Fedhas
Gozag
Hepliaklqana
Kikubaaqudgha
Makhleb
Nemelex Xobeh
Okawaru
Qazlal
Ru
Sif Muna
Trog
Uskayaw
Vehumet
Wu Jian
Xom
Yredelemnul
Zin
The Shining One
Beogh
Jiyva
Lugonu

Annotations:
D Aizul


Innate Abilities, Weirdness & Mutations

You reflexively headbutt those who attack you in melee.
You have a pair of horns on your head.
Your muscles are strong. (Str +2)


Message History

Your smoke demon gestures at Aizul.
The ball of steam hits Aizul.
The hell knight points at you and mumbles some strange words.
Pain shoots through your body!
You wake up.
Unknown command.
Unknown command.
You are engulfed in a cloud of scalding steam.
* * * LOW HITPOINT WARNING * * *
You block the hell knight's attack.
There is a huge open gate here.
A demon appears!
The hell knight hits you but does no damage.
The hell knight gestures at you while chanting.
You resist with significant effort.
Unknown command.
A demon appears!
You are engulfed in a cloud of scalding steam.
The storm dragon breathes lightning at you.
The bolt of lightning hits you!
You die...

.################..# #....
................§..# #..##
...................# #..#
########'+########## #..#
########''########## #..#
[.[..........p.##..# #..#
.....#..#......##..# #..#
..............p''..# #..#
...............D@§§##########..#
.....#..#.....§##4(.(.)..††....#
...............##4......†......#
##'#####''######################
......##''# ##### ######## ######
......##..###...###..'...# #.....
......##...##)..##..##...###.....
..<...###...##'##..###...'.##....
......# ##.....)....##...#..###..


You could see a storm dragon, 2 hell knights and 2 friendly orange demons.

Vanquished Creatures
  Josephine (D)
  A great orb of eyes (D)
  A merfolk avatar (D)
  A spriggan air mage (D)
  3 two-headed ogres (D)
  A merfolk aquamancer (D)
  A fire crab (D)
  A hell knight (D)
  A sea snake (D)
  A spriggan druid (D)
  A flayed ghost (D)
  Pikel (D)
  A phantasmal warrior (D)
  A lindwurm (D)
  A deep elf mage (D)
  A cyclops (D)
  Maurice (D)
  10 elephants (D)
  An eye of devastation (D)
  A spiny frog (D)
  A gargoyle (D)
  2 demonic crawlers (D)
  A red devil (D)
  A merfolk (D)
  A hippogriff (D)
  11 dream sheep (D)
  A flying skull (D)
  2 redbacks (D)
  A wraith (D)
  3 wyverns (D)
  A spriggan (D)
  A neqoxec (D)
  A fire bat (D)
  A steam dragon (D)
  2 vampire mosquitoes (D)
  A soldier ant (D)
  A porcupine (D)
  2 slaves (D)
  An eye of draining (D)
  A centaur (D)
  A necrophage (D)
  Blork the orc (D)
  2 big kobolds (D)
  An earth elemental (D)
  A small abomination (D)
  A hound (D)
  2 quasits (D)
  An iron imp (D)
  2 orc priests (D)
  An orc wizard (D)
  3 worker ants (D)
  Terence (D)
  A hell rat (D)
  3 gnolls (D)
  An ufetubus (D)
  2 oozes (D)
  An adder skeleton (D)
  3 orcs (D)
  3 bats (D)
  A quokka (D)
  A goblin (D)
  3 rats (D)
103 creatures vanquished.

Vanquished Creatures (collateral kills)
  A wraith (D)
1 creature vanquished.

Vanquished Creatures (others)
  2 slaves (D)
2 creatures vanquished.

Grand Total: 106 creatures vanquished

Notes
Turn   | Place    | Note
-------+----------+-------------------------------------------
     0 | D        | poirepourri the Minotaur Fighter began the quest for the Orb.
     0 | D        | Reached XP level 1. HP: 19/19 MP: 0/0
    37 | D        | Found a bloodstained altar of Trog.
    37 | D        | Found a deep blue altar of Sif Muna.
    37 | D        | Found a viscous altar of Jiyva.
    37 | D        | Found a hazy altar of Hepliaklqana.
    37 | D        | Found an opulent altar of Gozag.
    38 | D        | Found a glowing golden altar of the Shining One.
    38 | D        | Found a glowing silver altar of Zin.
    38 | D        | Found a basalt altar of Yredelemnul.
    38 | D        | Found a shimmering altar of Xom.
    38 | D        | Found an ornate altar of the Wu Jian Council.
    38 | D        | Found a sacrificial altar of Ru.
    38 | D        | Found a stormy altar of Qazlal.
    38 | D        | Found an iron altar of Okawaru.
    38 | D        | Found a sparkling altar of Nemelex Xobeh.
    38 | D        | Found a burning altar of Makhleb.
    38 | D        | Found a blossoming altar of Fedhas.
    38 | D        | Found a white marble altar of Elyvilon.
    38 | D        | Found a shadowy altar of Dithmenos.
    38 | D        | Found a snail-covered altar of Cheibriados.
    41 | D        | Found a corrupted altar of Lugonu.
    41 | D        | Found a radiant altar of Vehumet.
    41 | D        | Found a roughly hewn altar of Beogh.
    42 | D        | Found an ancient bone altar of Kikubaaqudgha.
    42 | D        | Found a hide-covered altar of Uskayaw.
    42 | D        | Found a shattered altar of Ashenzari.
    48 | D        | Became a worshipper of Makhleb the Destroyer
    89 | D        | Reached skill level 4 in Shields
   100 | D        | Noticed a worker ant
   100 | D        | Reached * piety under Makhleb
   114 | D        | Reached XP level 2. HP: 10/28 MP: 1/1
   115 | D        | Reached skill level 5 in Fighting
   115 | D        | Reached skill level 1 in Dodging
   115 | D        | Reached skill level 5 in Shields
   115 | D        | Reached XP level 3. HP: 17/37 MP: 2/2
   367 | D        | Noticed a fire bat
   368 | D        | Reached ** piety under Makhleb
   375 | D        | Reached skill level 6 in Shields
   375 | D        | Killed a fire bat
   375 | D        | Reached skill level 8 in Shields
   375 | D        | Reached XP level 4. HP: 35/48 MP: 3/3
   375 | D        | Reached XP level 5. HP: 39/53 MP: 4/4
   521 | D        | Noticed Blork the orc
   533 | D        | Reached skill level 9 in Shields
   538 | D        | Reached *** piety under Makhleb
   542 | D        | Killed Blork the orc
   542 | D        | Reached skill level 10 in Shields
   542 | D        | Reached XP level 6. HP: 25/63 MP: 5/5
   550 | D        | Reached **** piety under Makhleb
   554 | D        | Reached skill level 11 in Shields
   556 | D        | Reached skill level 10 in Fighting
   557 | D        | Reached skill level 5 in Dodging
   557 | D        | Reached XP level 7. HP: 10/72 MP: 6/6
   841 | D        | Reached ***** piety under Makhleb
   844 | D        | Noticed a two-headed ogre
   852 | D        | Killed a two-headed ogre
   852 | D        | Reached skill level 12 in Shields
   852 | D        | Reached XP level 8. HP: 53/82 MP: 7/7
  1025 | D        | Noticed Terence
  1025 | D        | Noticed a flying skull
  1042 | D        | Killed a flying skull
  1042 | D        | Reached skill level 13 in Shields
  1047 | D        | Killed Terence
  1352 | D        | Noticed a demonic crawler
  1352 | D        | Noticed an elephant
  1355 | D        | Noticed a spiny frog
  1357 | D        | Killed a demonic crawler
  1357 | D        | Reached ****** piety under Makhleb
  1359 | D        | Noticed a red devil
  1370 | D        | Killed an elephant
  1370 | D        | Reached XP level 9. HP: 88/90 MP: 8/8
  1374 | D        | Killed a spiny frog
  1374 | D        | Reached skill level 14 in Shields
  1383 | D        | Noticed a demonic crawler
  1400 | D        | Killed a demonic crawler
  1416 | D        | Killed a red devil
  1416 | D        | Reached skill level 15 in Shields
  1675 | D        | Noticed an elephant
  1676 | D        | Noticed an elephant
  1676 | D        | Noticed an elephant
  1684 | D        | Killed an elephant
  1684 | D        | Reached skill level 15 in Axes
  1698 | D        | Killed an elephant
  1700 | D        | Killed an elephant
  1700 | D        | Reached XP level 10. HP: 101/101 MP: 9/9
  1766 | D        | Noticed Maurice
  1769 | D        | Reached skill level 16 in Shields
  1769 | D        | Reached skill level 1 in Invocations
  1777 | D        | Killed Maurice
  1790 | D        | Noticed a gargoyle
  1792 | D        | Noticed a two-headed ogre
  1797 | D        | Killed a two-headed ogre
  1806 | D        | Killed a gargoyle
  1806 | D        | Reached skill level 5 in Armour
  1875 | D        | Noticed an eye of devastation
  1880 | D        | Killed an eye of devastation
  1991 | D        | Noticed a cyclops
  1992 | D        | Noticed a deep elf mage
  1992 | D        | Noticed a fire crab
  1998 | D        | Killed a cyclops
  2006 | D        | Killed a deep elf mage
  2006 | D        | Reached skill level 17 in Shields
  2010 | D        | Killed a fire crab
  2010 | D        | Reached skill level 5 in Invocations
  2122 | D        | Reached XP level 11. HP: 111/111 MP: 13/13
  2154 | D        | Noticed a lindwurm
  2154 | D        | Noticed Pikel
  2156 | D        | Noticed a flayed ghost
  2166 | D        | Killed Pikel
  2179 | D        | Reached skill level 18 in Shields
  2180 | D        | Noticed a phantasmal warrior
  2184 | D        | Reached skill level 15 in Fighting
  2191 | D        | Killed a flayed ghost
  2192 | D        | Killed a lindwurm
  2202 | D        | Killed a phantasmal warrior
  2399 | D        | Noticed a sea snake
  2412 | D        | Killed a sea snake
  2434 | D        | Reached skill level 19 in Shields
  2499 | D        | Gained mutation: Your muscles are strong. (Str +2) [a neqoxec]
  2522 | D        | Reached XP level 12. HP: 124/124 MP: 17/17
  2677 | D        | Noticed Josephine
  2678 | D        | Noticed a great orb of eyes
  2679 | D        | Killed a great orb of eyes
  2680 | D        | Noticed a merfolk avatar
  2680 | D        | Noticed a two-headed ogre
  2681 | D        | Noticed a merfolk aquamancer
  2682 | D        | Noticed a storm dragon
  2689 | D        | Reached skill level 20 in Shields
  2696 | D        | Noticed a centaur warrior
  2698 | D        | Killed a merfolk aquamancer
  2704 | D        | Noticed Aizul
  2706 | D        | Killed Josephine
  2713 | D        | Killed a merfolk avatar
  2721 | D        | Noticed a spriggan air mage
  2736 | D        | Killed a two-headed ogre
  2736 | D        | Reached skill level 10 in Armour
  2742 | D        | Killed a spriggan air mage
  2774 | D        | Killed from afar by a storm dragon

Vault maps used:
D:        pitsprint

Skill      XL: |  1  2  3  4  5  6  7  8  9 10 11 12 |
---------------+-------------------------------------+-----
Fighting       | 4 5 8 9 10 11 12 13 14 16 17 | 17.6
Shields        | 4 5 8 10 11 12 13 15 17 19 20 | 20.6
Axes           | 3 4 6 7 9 11 13 15 16 18 19 | 19.2
Dodging        | 1 3 4 5 6 7 8 9 |  9.2
Invocations    | 5 8 |  8.5
Armour         | 6 8 10 | 10.2

Action                   |  1- 3 |  4- 6 |  7- 9 | 10-12 || total
-------------------------+-------+-------+-------+-------++-------
Melee: War axe           |    23 |    25 |   116 |   210 ||   374
       Headbutt          |     5 |     7 |    34 |    76 ||   122
Invok: Lesser Servant of |       |       |       |     9 ||     9
  Use: Potion            |       |     2 |       |    10 ||    12
       Scroll            |       |       |       |     8 ||     8
 Stab: Distracted        |       |       |       |     1 ||     1
  Eat: Meat ration       |       |       |     1 |       ||     1
       Fruit             |       |       |     1 |       ||     1
Armor: Scale mail        |    25 |    12 |    18 |       ||    55
       Plate armour      |       |       |    54 |    90 ||   144
Dodge: Dodged            |    20 |    11 |    58 |    90 ||   179
Block: Shield            |    42 |    16 |   103 |   181 ||   342
